 Dungeon Crawl Stone Soup version 0.29-a0-352-g0917bc69df (webtiles) character file.

Game seed: 14544698508887957471

12 spaghetti the Caller (level 2, 0/19 HPs)
             Began as a Barachi Summoner on Apr 23, 2022.
             Slain by a kobold
             ... wielding a +0 club
              (3 damage)
             ... on level 1 of the Dungeon.
             The game lasted 00:01:34 (953 turns).

spaghetti the Caller (Barachi Summoner)              Turns: 953, Time: 00:01:35

Health: 0/19       AC:  2    Str:  9    XL:     2   Next: 33%
Magic:  2/5        EV: 12    Int: 15    God:
Gold:   0          SH:  0    Dex: 12    Spells: 4/5 levels left

rFire   . . .      SeeInvis .   (no weapon)
rCold   . . .      Faith    .   (no shield)
rNeg    . . .      Spirit   .   a - +0 robe
rPois   .          Reflect  .   (no helmet)
rElec   .          Harm     .   (no cloak)
rCorr   .          Rampage  .   (no gloves)
Will    .....                   (no boots)
Stlth   ++........              (no amulet)
HPRegen 0.06/turn               (no ring)
MPRegen 0.09/turn               (no ring)

@: unable to hop, slow
A: amphibious, slowness 1, strong legs 1, +LOS
a: Hop


You were on level 1 of the Dungeon.
You visited 1 branch of the dungeon, and saw 1 of its levels.


Innate Abilities, Weirdness & Mutations

You are amphibious.
You cover ground slowly.
You can hop short distances.
You have an extended range of vision and can be seen from far away.


   Skills:
 - Level 2.1 Dodging
 - Level 1.7 Stealth
 - Level 2.1 Spellcasting
 + Level 5.5 Summonings


You had 4 spell levels left.
You knew the following spells:

 Your Spells              Type           Power      Damage    Failure   Level
a - Summon Small Mammal   Summ           72%        N/A       2%          1

Your spell library contained the following spells:

 Spells                   Type           Power      Damage    Failure   Level
 Call Imp                 Summ           18%        N/A       3%          2
 Call Canine Familiar     Summ           18%        N/A       7%          3
 Summon Guardian Golem    Hex/Summ       9%         N/A       22%         3
 Summon Lightning Spire   Summ/Air       9%         N/A       56%         4

Inventory:

Hand Weapons
 f - a +0 short sword {short}
   (You took it off a kobold on level 1 of the Dungeon)
Missiles
 c - 2 javelins {throwing}
Armour
 a - a +0 robe (worn)
Scrolls
 d - a scroll of fear {unknown}
 e - 4 scrolls of teleportation {unknown}
Potions
 b - a potion of magic

Dungeon Overview and Level Annotations

Branches:
Dungeon (1/15)

Altars:

#####.###.#.)........
##...###โ€ #.####.
#...###b#S.g
#.......... #
#.......#.#
#..###..#.# #.......#
# #..b###b#
#..@..ยง.#
#..K###.........
#...J .....####.
###.##...#.# ####
...#....... ...###
.......?J### .....##
#...#####.# โ€ .....#
##.## .# ......# #(#
.#


You could see an endoplasm, a bat (ally target), a kobold and a friendly bat
(summoned).


Message History

Casting: Summon Small Mammal (safe; 2% risk of failure)
Confirm with . or Enter, or press ? or * to list all spells.
The goblin closely misses you.
The hobgoblin closely misses you. ๐Ÿ˜• MP[-1]
You lost 1 mp, and now have 4/5 mp.
Casting: Summon Small Mammal (safe; 2% risk of failure)
Confirm with . or Enter, or press ? or * to list all spells.
The hobgoblin hits you.
The goblin hits you with a +0 club. ๐Ÿ˜ฎ HP[-6] MP[-1]
You take 6 damage, and now have 11/19 hp.
MASSIVE DAMAGE!! (PAUSE)
You lost 1 mp, and now have 3/5 mp.
Unknown command.
You completely miss the hobgoblin. The hobgoblin closely misses you.
The goblin closely misses you.
Your rat bites the goblin.
You barely miss the hobgoblin. The hobgoblin hits you.
* * * LOW HITPOINT WARNING * * *
A ball python comes into view.
The goblin barely misses you.
Your rat misses the goblin. ๐Ÿ˜จ HP[-3]
You take 3 damage, and now have 8/19 hp.
Unknown command.
Unknown command.
You hit the goblin.
You kill the goblin!
The hobgoblin hits you.
* * * LOW HITPOINT WARNING * * *
Your rat bites the hobgoblin but does no damage. ๐Ÿ˜ฑ HP[-4]
You take 4 damage, and now have 4/19 hp.
MASSIVE DAMAGE!! (PAUSE)
You hit the hobgoblin but do no damage. The hobgoblin barely misses you.
Your rat bites the hobgoblin.
You hit the hobgoblin but do no damage. The hobgoblin hits you.
* * * LOW HITPOINT WARNING * * *
Your rat closely misses the hobgoblin. ๐Ÿ˜ฑ HP[-2]
You take 2 damage, and now have 2/19 hp.
Okay, then.
Hop to where?
Press: ? - help, Dir - move target Boing!
Your bat barely misses the hobgoblin.
The hobgoblin hits your bat.
Your rat barely misses the hobgoblin.
Your bat hits the hobgoblin but does no damage.
Your bat hits the hobgoblin. ๐Ÿ˜ฑ HP[+1]
Your bat hits the hobgoblin but does no damage.
Your bat hits the hobgoblin. The hobgoblin barely misses your bat.
Your rat barely misses the hobgoblin. ๐Ÿ˜ฑ MP[+1]
An endoplasm comes into view.
Your bat hits the hobgoblin but does no damage.
The hobgoblin closely misses your bat.
Your rat bites the hobgoblin.
The hobgoblin dies!
Casting: Summon Small Mammal (safe; 2% risk of failure)
Confirm with . or Enter, or press ? or * to list all spells.
Your bat disappears in a puff of smoke! ๐Ÿ˜ฑ MP[-1]
You lost 1 mp, and now have 3/5 mp.
Casting: Summon Small Mammal (safe; 2% risk of failure)
Confirm with . or Enter, or press ? or * to list all spells.
The endoplasm quivers.
Your rat disappears in a puff of smoke!
Your bat hits the ball python.
The endoplasm jiggles.
The ball python closely misses your bat. x2 ๐Ÿ˜ฑ MP[-1]
You lost 1 mp, and now have 2/5 mp.
A bat comes into view.
The ball python bites something.
The ball python closely misses something.
You swap places.
Your bat misses the ball python.
Your bat closely misses the ball python.
A kobold comes into view. It is wielding a +0 club.
Your bat hits the ball python. The ball python misses your bat.
The ball python grabs your bat. The ball python constricts your bat.
Your bat barely misses the ball python.
The ball python bites your bat. The ball python constricts your bat.
The kobold shouts!
Your bat misses the ball python. Your bat hits the ball python.
The ball python dies!
Your bat hits the bat.
Throw: 3 javelins {throwing}
Press: ? - help, Shift-Dir - straight line, f - kobold
Aim: a kobold, wielding a +0 club (47% to hit)
You throw a javelin {throwing}.
The javelin {throwing} closely misses the kobold.
The bat barely misses your bat.
Your bat barely misses the bat.
Your bat hits the bat. The bat hits your bat.
Your bat dies!
Your bat's corpse disappears in a puff of smoke!
The kobold barely misses you.
Okay, then.
Okay, then.
You aren't carrying any items that you can evoke.
Okay, then.
You hit the kobold but do no damage.
Your bat hits the bat but does no damage.
The bat barely misses your bat. The kobold hits you with a +0 club.
You die...

Skill      XL: |  1 |
---------------+----+-----
Summonings     | 5 |  5.5
Dodging        | |  2.1
Stealth        | |  1.7
Spellcasting   | |  2.1

Action                   || total
-------------------------++-------
Melee: Unarmed           ||    16
Throw: Javelin           ||     1
 Cast: Summon Small Mamm ||    25
 Abil: Hop               ||     1
Armor: Robe              ||     2
Dodge: Dodged            ||    17

Levels and vault maps discovered:
D:1:      dpeg_arrival_three_smaller_balls, layout_loops_ring

Notes
Turn   | Place    | Note
-------+----------+-------------------------------------------
     0 | D:1      | spaghetti the Barachi Summoner began the quest for the Orb.
     0 | D:1      | Reached XP level 1. HP: 13/13 MP: 3/3
     0 | D:1      | magus.rc [v1.9.6]
    99 | D:1      | HP: 3/13 [quokka (2)]
   104 | D:1      | Reached skill level 5 in Summonings
   714 | D:1      | Reached XP level 2. HP: 19/19 MP: 1/5
   939 | D:1      | HP: 4/19 [hobgoblin (4)]
   953 | D:1      | Slain by a kobold

Vanquished Creatures
  A goblin (D:1)
  A bat (D:1)
2 creatures vanquished.

Vanquished Creatures (collateral kills)
  An endoplasm (D:1)
  3 hobgoblins (D:1)
  A quokka (D:1)
  A ball python (D:1)
  A frilled lizard (D:1)
  A kobold (D:1)
  2 rats (D:1)
10 creatures vanquished.

Grand Total: 12 creatures vanquished

Table legend:
 A = Non-vault XP
 B = Vault XP
 C = Vault XP percentage of total XP
 D = Non-vault monster count
 E = Vault monster count
 F = Vault count percentage of total count
                 A         B        C        D         E       F
            +---------+---------+-------+---------+---------+-------
      Total |      18 |       0 |   0.0 |      12 |       0 |   0.0
            +---------+---------+-------+---------+---------+-------
        D:1 |      18 |       0 |   0.0 |      12 |       0 |   0.0
            +---------+---------+-------+---------+---------+-------

Illustrated notes

Table legend:
 A = Kills in this place as a percentage of kills in entire the game.
 B = Kills by you in this place as a percentage of kills by you in the entire game.
 C = Kills by friends in this place as a percentage of kills by friends in the entire game.
 D = Other kills in this place as a percentage of other kills in the entire game.
 E = Experience gained in this place as a percentage of experience gained in the entire game.
 F = Experience gained in this place divided by the number of levels of this place that you have seen.
                   A       B       C       D       E      F
               +-------+-------+-------+-------+-------+----------------------
         Total | 100.0 | 100.0 | 100.0 |   N/A | 100.0 |  18.0
       Dungeon | 100.0 | 100.0 | 100.0 |   N/A | 100.0 |  18.0
               +-------+-------+-------+-------+-------+----------------------

Table legend: (Time is in decaauts)
 A = Elapsed time spent in this place.
 B = Non-inter-level travel time spent in this place.
 C = Inter-level travel time spent in this place.
 D = Time resting spent in this place.
 E = Time spent auto-exploring this place.
 F = Levels seen in this place.
 G = Mean time per level.
                   A        B        C        D        E       F      G
               +--------+--------+--------+--------+--------+-----+--------+
         Total |    986 |    986 |      0 |    135 |    722 |   1 |  986.0 |
       Dungeon |    986 |    986 |      0 |    135 |    722 |   1 |  986.0 |
               +--------+--------+--------+--------+--------+-----+--------+

Top non-repeatable levels by time:
     D:1: 986 daAuts
